 Dungeon Crawl Stone Soup version 0.18.1-8-gdd0e5ea (webtiles) character file.

323233 epen the Malleable (level 21, -7/244 HPs)
             Began as a Merfolk Transmuter on May 22, 2016.
             Was a Priest of Ru.
             Mangled by a deep troll (15 damage)
             ... led by an ironheart preserver
             ... on level 2 of the Vaults.
             The game lasted 02:53:37 (57151 turns).

epen the Malleable (Merfolk Transmuter)            Turns: 57151, Time: 02:53:38

Health: -7/244     AC: 20    Str: 17    XL:     21   Next: 57%
Magic:  36/36      EV: 13    Int: 21    God:    Ru [***...]
Gold:   2320       SH:  0    Dex: 13    Spells: 7 memorised, 16 levels left

rFire  + + .     SeeInvis +       - Unarmed
rCold  . . .     Gourm    .     (armour currently unavailable)
rNeg   . . .     Faith    +     (shield currently unavailable)
rPois  +         Spirit   .     (helmet currently unavailable)
rElec  .         Dismiss  .     (cloak currently unavailable)
rCorr  .         Reflect  .     (gloves currently unavailable)
SustAt .         Harm     .     (boots currently unavailable)
MR     +++..     Clarity  +     i - amulet "Naymoem" {Faith +Blink rC+ SInv}
Stlth  ..........               Z - +4 ring of protection
                                C - ring of the Mage {Wiz MR++ Int+3}

@: dragon-form, flying, extremely resistant to hostile enchantments, extremely
unstealthy
A: (change form in water), (swift swim), (iridescent scales 0), rough black
scales 1, berserk 1, clarity, clumsy 1, deterioration 1, dopey 1, (fire
resistance 0), sense surroundings 2, (shaggy fur 0), weak 2, no stealth,
inability to train armour
a: End Transformation, Draw Out Power, Renounce Religion, Breathe Fire, Evoke
Blink
}: 2/15 runes: barnacled, gossamer


You were on level 2 of the Vaults.
You worshipped Ru.
Ru was most pleased with you.
You were not hungry.
You were a fearsome dragon!
You visited 8 branches of the dungeon, and saw 39 of its levels.
You also visited: Labyrinth and Ice Cave.

You collected 3917 gold pieces.
You spent 1597 gold pieces at shops.

Inventory:

Missiles
 a - 506 arrows
Armour
 f - the +2 shield of Resistance (melded) {rF+ rC+ MR+}
   (You acquired it on level 7 of the Dungeon)

   It protects you from fire.
   It protects you from cold.
   It affects your resistance to hostile enchantments.
 x - the cursed +0 helmet of Rationality (melded) {Str+3 Stlth+}
   (You found it on level 3 of the Elven Halls)

   It affects your strength (+3).
   It makes you more stealthy.
   It has a curse placed upon it.
 A - the +2 cloak of Starlight (melded) {rElec rC+ EV+4 Stlth--}
   (You acquired it on level 6 of the Lair of Beasts)

   It affects your evasion (+4).
   It protects you from cold.
   It insulates you from electricity.
   It makes you much less stealthy.
 F - a +1 pair of gloves (melded)
 J - a +2 robe of the Archmagi (melded)
 S - a +0 pair of boots (melded)
Magical Staves
 E - an uncursed staff of wizardry
Jewellery
 i - the amulet "Naymoem" (around neck) {Faith +Blink rC+ SInv}
   (You found it on level 3 of the Elven Halls)

   [amulet of faith]

   It allows you to gain divine favour quickly.
   It protects you from cold.
   It lets you see invisible.
   It lets you blink.
 k - an uncursed ring of protection from cold
 C - the ring of the Mage (left foreclaw) {Wiz MR++ Int+3}
   (You took it off a merfolk impaler on level 4 of the Shoals)

   [ring of wizardry]

   It improves your spell success rate.
   It affects your intelligence (+3).
   It affects your resistance to hostile enchantments.
 Z - a +4 ring of protection (right foreclaw)
Wands
 e - a wand of enslavement (4/24)
 r - a wand of disintegration (16/24)
 y - a wand of teleportation (4/9)
 L - a wand of hasting (8/9)
 V - a wand of digging (2/24)
Scrolls
 h - 16 scrolls of remove curse
 n - 3 scrolls of identify
 o - 3 scrolls of recharging
 q - 2 scrolls of magic mapping
 w - 11 scrolls of enchant armour
 O - 8 scrolls of amnesia
 P - 3 scrolls of fog
 Q - a scroll of holy word
 R - 5 scrolls of fear
Potions
 b - 6 potions of brilliance
 j - 2 potions of berserk rage
 m - 5 potions of might
 t - 11 potions of curing
 u - 8 potions of flight
 v - 6 potions of haste
 z - 6 potions of ambrosia
 B - 2 potions of resistance
 D - 2 potions of cancellation
 G - 2 potions of agility
 H - 5 potions of invisibility
 I - 4 potions of cure mutation
 K - 3 potions of magic
 T - a potion of heal wounds
 W - 9 potions of lignification
Books
 X - a book of Alchemy

   Spells                             Type                      Level
   a - Sublimation of Blood           Necromancy                   2
   b - Ignite Poison                  Fire/Transmutation/Poison    3
   c - Petrify                        Transmutation/Earth          4
   d - Alistair's Intoxication        Transmutation/Poison         5
   e - Irradiate                      Conjuration/Transmutation    5
Miscellaneous
 p - a fan of gales
 U - a box of beasts
Comestibles
 c - a slice of pizza
 d - 17 bread rations
 g - 10 beef jerkies
 s - 16 fruits
 N - 11 meat rations
 Y - 6 chunks of flesh


   Skills:
 + Level 13.6 Fighting
   Level 0.0 Armour
 + Level 15.8 Dodging
   Level 0.0 Stealth
 * Level 13.4 Shields
 * Level 18.7 Unarmed Combat
 + Level 11.0 Spellcasting
 + Level 10.5 Charms
 * Level 21.2 Transmutations
 - Level 5.2 Ice Magic
 + Level 11.6 Evocations


You had 16 spell levels left.
You knew the following spells:

 Your Spells              Type           Power        Failure   Level  Hunger
a - Dragon Form           Trmt           #######...   1%          7    #######
b - Sticks to Snakes      Trmt           #######.     0%          2    None
d - Blade Hands           Trmt           #######...   1%          5    ####...
e - Ice Form              Ice/Trmt       ######..     1%          4    #......
f - Ozocubu's Armour      Chrm/Ice       #####...     1%          3    None
g - Blink                 Tloc           N/A          4%          2    None
h - Regeneration          Chrm/Necr      ####......   1%          3    None


Dungeon Overview and Level Annotations

Branches:
Dungeon (15/15)            Temple (1/1) D:5            Lair (8/8) D:11
 Shoals (4/4) Lair:4       Spider (4/4) Lair:3        Slime (0/6) Lair:7
    Orc (2/2) D:10            Elf (3/3) Orc:2        Vaults (2/5) D:14
 Depths (0/5) D:15
  Crypt: Vaults:2-3

Altars:
Ashenzari
Cheibriados
Dithmenos
Elyvilon
Fedhas
Gozag
Kikubaaqudgha
Makhleb
Nemelex Xobeh
Okawaru
Pakellas
Qazlal
Ru
Sif Muna
Trog
Vehumet
Xom
Yredelemnul
Zin
The Shining One
Jiyva

Shops:
D:9 *   D:10 [   Orc:2 }?[%   Elf:2 (   Elf:3 *   Vaults:1 }

Portals:
Pandemonium: Orc:2

Annotations:
D:5 namelastname112's ghost, novice DrWz
Lair:2 exclusion: oklob plant
Elf:2 3 runed doors


Innate Abilities, Weirdness & Mutations

((You revert to your normal form in water.))
((You are very nimble and swift while swimming.))
You are clumsy. (Dex -2)
You are dopey. (Int -2)
You are very weak. (Str -4)
You cannot be stealthy.
You cannot train Armour skill.
((You are partially covered in iridescent scales (AC +4).))
(You are partially covered in rough black scales (AC +4, Dex -1).)
You tend to lose your temper in combat.
You possess an exceptional clarity of mind.
Your body sometimes deteriorates upon taking damage.
((Your flesh is heat resistant.))
You passively map the area around you.
((You are covered in fur (AC +1).))


Message History

The deep troll claws you but does no damage.
The deep troll misses you. The deep troll barely misses you.
The deep troll closely misses you.
The ironbrand convoker begins to recite a word of recall!
Things that are here:
a morningstar; a ring mail The deep troll barely misses you.
The deep troll claws you.
* * * LOW HITPOINT WARNING * * *
The deep troll claws you but does no damage.
Unknown command.
You claw the deep troll! You claw the deep troll!!
The deep troll is almost dead.
The deep troll bites you!!
* * * LOW HITPOINT WARNING * * *
The deep troll claws you!
* * * LOW HITPOINT WARNING * * *
The deep troll claws you!!
* * * LOW HITPOINT WARNING * * *
The deep troll bites you!
You die...

, ,, , #........#....
** #........#.... ,
** * #........#....
#........#....
#....<...'.... *
#........#####
*###########........#
........))p........#
,
.......DT.#.....(..#
........T?#........#
..........##########
..........#
..........# **
+########## ** * * ,,
,, , ,, , , , , , , ,
** * * * ** *


You could see 2 deep trolls and an ironbrand convoker.

Vanquished Creatures
  Saint Roka (Elf:3)
  Norris (Spider:3)
  Arachne (Spider:3)
  Rupert (Lair:4)
  3 deep elf blademasters (Elf:3)
  A deep elf master archer (Elf:3)
  Kirke (Shoals:3)
  Ilsuiw (Shoals:4)
  7 deep elf sorcerers
  3 ghost moths (Spider:4)
  5 vault wardens
  5 deep elf elementalists (Elf:3)
  7 ironheart preservers
  Aizul (Spider:1)
  4 emperor scorpions (Spider:4)
  3 deep elf demonologists
  4 deep elf annihilators (Elf:3)
  Snorg (Orc:1)
  A blizzard demon (IceCv)
  A spark wasp (Spider:4)
  13 deep elf death magi
  5 merfolk javelineers
  The ghost of Zebura the Cleaver, a journeyman HOAK of Lugonu (Orc:1)
  A fire dragon (Vaults:1)
  A minotaur (Lab)
  8 deep elf high priests (Elf:3)
  12 merfolk impalers
  3 vault guards (Vaults:1)
  An ogre mage (Vaults:1)
  7 entropy weavers
  4 merfolk avatars (Shoals:4)
  7 hydras
  4 catoblepae
  3 alligator snapping turtles (Shoals:4)
  24 death yaks
  A satyr (Shoals:4)
  3 centaur warriors
  14 dancing weapons
  5 merfolk aquamancers
  A vampire mage (D:15)
  2 tengu warriors (D:13)
  3 orc high priests (Orc:2)
  A soul eater (Orc:2)
  Nergalle (Lair:3)
  Sonja (Lair:2)
  9 skeletal warriors
  7 deep elf knights
  A fire crab (Lair:7)
  A deep troll (Vaults:2)
  2 unseen horrors
  12 sea snakes
  5 hill giants
  14 deep elf archers
  11 harpies
  8 necromancers
  8 orc knights
  7 ironbrand convokers
  19 orb spiders
  7 orc sorcerers (Orc:2)
  18 griffons
  9 ugly things
  62 deep elf magi
  3 moths of wrath
  9 hornets
  28 wolf spiders
  A faun (shapeshifter) (Elf:1)
  3 cyclopes
  3 fauns (Shoals:2)
  A sixfirhy (Orc:2)
  10 manticores
  Joseph (D:7)
  8 black mambas
  3 vault sentinels (Vaults:1)
  14 elephants
  13 sirens
  A rust devil (Orc:2)
  5 gargoyles
  4 ice statues
  6 water nymphs
  3 torpor snails
  2 centaur skeletons
  A yaktaur zombie (Vaults:1)
  9 komodo dragons
  A kobold demonologist (Vaults:1)
  22 spiny frogs
  15 ice devils
  An efreet (D:15)
  4 rime drakes
  6 demonic crawlers
  A guardian mummy (D:15)
  8 trolls
  4 wind drakes
  34 jumping spiders
  28 merfolk
  4 boulder beetles
  2 ettin zombies (D:15)
  5 two-headed ogres
  13 slime creatures (D:12)
  8 snapping turtles
  A minotaur skeleton (Lab)
  A stone giant simulacrum (Vaults:1)
  8 blink frogs
  2 air elementals
  2 shadows
  32 tarantellas
  7 wyverns
  4 elf zombies
  4 hogs (Shoals:3)
  83 redbacks
  10 water elementals
  3 wraiths
  A vampire (D:13)
  3 fire elementals
  6 basilisks
  11 hungry ghosts
  2 large abominations (Elf:1)
  67 yaks
  A human (shapeshifter) (Vaults:1)
  A hog (shapeshifter) (Vaults:1)
  5 vampire mosquitoes
  A neqoxec (Orc:2)
  Menkaure (D:7)
  20 hippogriffs
  5 wargs
  A tengu zombie (D:15)
  3 mottled dragons
  A soldier ant (D:10)
  A human zombie (Vaults:1)
  18 water moccasins
  8 porcupines
  3 black bears
  40 orc warriors
  2 phantoms
  4 sky beasts
  A hornet simulacrum (D:15)
  6 ice beasts
  5 wasps
  2 necrophages (D:10)
  3 eyes of draining
  18 ogres
  4 centaurs
  8 wolves
  A fire crab zombie (Vaults:1)
  22 crocodiles
  5 big kobolds
  23 giant frogs
  A giant frog (shapeshifter) (Elf:3)
  2 wyvern zombies
  5 gnoll sergeants (D:10)
  3 earth elementals
  A water moccasin skeleton (D:10)
  A scorpion (D:11)
  A scorpion (shapeshifter) (Vaults:1)
  12 killer bees
  22 wights
  6 howler monkeys
  2 electric eels (Spider:4)
  7 crimson imps
  3 centaur zombies
  5 hounds
  5 giant frog zombies
  A quasit (D:11)
  5 jellies
  26 orc priests
  4 giant frog skeletons
  6 iguanas
  A gnoll shaman (D:5)
  18 orc wizards
  12 worker ants
  11 sheep
  A hound skeleton (D:9)
  A mummy (D:10)
  A howler monkey zombie (D:10)
  2 worker ant zombies
  20 gnolls
  13 adders
  59 river rats
  6 shadow imps
  4 white imps (IceCv)
  9 ufetubi (IceCv)
  An ooze (D:9)
  An adder skeleton (D:9)
  2 worms (D:4)
  3 dart slugs
  4 giant geckos
  102 orcs
  9 bats
  5 giant cockroaches
  4 hobgoblins
  11 jackals
  12 kobolds
  2 quokkas (D:2)
  A ball python (D:4)
  7 giant newts
  12 goblins
  A jackal zombie (D:6)
  17 rats
1592 creatures vanquished.

Vanquished Creatures (collateral kills)
  Nikola (Spider:2)
  An orc warlord (Orc:1)
  2 deep elf sorcerers (Elf:3)
  A deep elf annihilator (Elf:3)
  A deep elf high priest (Elf:3)
  2 hydras
  5 death yaks
  2 orc high priests (Orc:2)
  A hill giant (D:11)
  A harpy (Shoals:2)
  A deep elf mage (Elf:2)
  An orb spider (Spider:2)
  3 merfolk
  A redback (Spider:1)
  6 yaks
  8 orc warriors
  An ogre (D:6)
  A crocodile (Lair:8)
  3 giant frogs
  5 orc priests
  A jelly (D:15)
  5 orc wizards
  4 gnolls (D:6)
  2 river rats (Lair:6)
  20 orcs
  A bat (D:11)
  2 rats (D:11)
82 creatures vanquished.

Vanquished Creatures (others)
  A blizzard demon (IceCv)
  A dancing weapon (Elf:2)
  A kraken simulacrum (Shoals:4)
  2 harpies
  A wolf spider (D:15)
  A deep elf mage (Elf:1)
  A griffon (Shoals:4)
  A komodo dragon (Lair:7)
  A redback (Lab)
  2 yaks
  A water elemental (Elf:1)
  A mottled dragon (D:15)
  An orc warrior (Orc:2)
  An ogre (Vaults:1)
  A giant frog (Lair:7)
  A wight (D:15)
  4 ufetubi (IceCv)
  An orc (D:12)
  A bush (Lair:6)
  34 fungi
  31 plants
  4 tentacles (Shoals:4)
  165 tentacle segments (Shoals:4)
258 creatures vanquished.

Grand Total: 1932 creatures vanquished

Notes
Turn   | Place    | Note
--------------------------------------------------------------
     0 | D:1      | epen the Merfolk Transmuter began the quest for the Orb.
     0 | D:1      | Reached XP level 1. HP: 15/15 MP: 3/3
   164 | D:1      | Reached skill level 3 in Transmutations
   192 | D:1      | Reached XP level 2. HP: 13/21 MP: 3/5
   200 | D:1      | Learned a level 2 spell: Sticks to Snakes
   492 | D:1      | HP: 1/21 [dart slug/slug dart (3)]
   804 | D:1      | Reached XP level 3. HP: 26/26 MP: 6/6
   821 | D:1      | Learned a level 3 spell: Spider Form
  1906 | D:2      | Gained mutation: You possess an exceptional clarity of mind. [potion of beneficial mutation]
  1908 | D:2      | Reached XP level 4. HP: 18/32 MP: 2/7
  2359 | D:2      | Reached skill level 1 in Stealth
  2593 | D:3      | Found an ancient bone altar of Kikubaaqudgha.
  2891 | D:3      | Reached XP level 5. HP: 38/38 MP: 4/8
  3177 | D:3      | Found a deep blue altar of Sif Muna.
  3294 | D:3      | Reached skill level 4 in Transmutations
  3315 | D:3      | Found a sparkling altar of Nemelex Xobeh.
  4281 | D:3      | Reached XP level 6. HP: 18/45 MP: 6/9
  4904 | D:4      | Reached skill level 5 in Unarmed Combat
  4992 | D:4      | Noticed a phantom
  5100 | D:4      | Killed a phantom
  5564 | D:4      | Reached skill level 5 in Transmutations
  5580 | D:4      | Found a radiant altar of Vehumet.
  5810 | D:5      | Entered Level 5 of the Dungeon
  5810 | D:5      | Noticed namelastname112's ghost (novice DrWz)
  5860 | D:5      | Reached XP level 7. HP: 41/51 MP: 4/11
  6013 | D:5      | Learned a level 5 spell: Blade Hands
  6281 | D:5      | Found a staircase to the Ecumenical Temple.
  6339 | Temple   | Entered the Ecumenical Temple
  6461 | Temple   | Became a worshipper of Ru the Awakened
  7323 | D:6      | Found a stormy altar of Qazlal.
  7422 | D:6      | Reached skill level 6 in Transmutations
  7878 | D:6      | Reached XP level 8. HP: 58/58 MP: 12/12
  7931 | D:6      | Reached skill level 5 in Dodging
  8279 | D:6      | Gained mutation: You cannot be stealthy. [Ru sacrifice]
  9175 | D:7      | Noticed Menkaure
  9209 | D:7      | Killed Menkaure
  9209 | D:7      | Reached skill level 7 in Transmutations
  9724 | D:7      | Noticed Joseph
  9780 | D:7      | Killed Joseph
  9780 | D:7      | Reached XP level 9. HP: 24/66 MP: 5/14
 10163 | D:7      | Reached skill level 8 in Transmutations
 10358 | D:7      | Identified a scroll of acquirement
 10510 | D:8      | Gained mutation: You are covered in fur (AC +1). [mutagenic meat]
 10520 | D:8      | Gained mutation: Armour fits poorly on your strangely shaped body. [mutagenic meat]
 10521 | D:8      | Gained mutation: You are weak. (Str -2) [mutagenic meat]
 10592 | D:8      | Reached skill level 1 in Shields
 10654 | D:8      | Found an iron altar of Okawaru.
 10690 | D:8      | Reached skill level 5 in Fighting
 10768 | D:8      | Learned a level 4 spell: Ice Form
 10839 | D:8      | Found an opulent altar of Gozag.
 10839 | D:8      | Found a glowing silver altar of Zin.
 10874 | D:8      | Reached skill level 9 in Transmutations
 11157 | D:9      | Gained mutation: You are clumsy. (Dex -2) [Ru sacrifice]
 11157 | D:9      | Reached * piety under Ru
 11215 | D:9      | Reached skill level 1 in Evocations
 11433 | D:9      | Reached XP level 10. HP: 66/74 MP: 12/16
 11486 | D:9      | Gained mutation: Your flesh is heat resistant. [mutagenic meat]
 11487 | D:9      | Lost mutation: Armour fits poorly on your strangely shaped body. [mutagenic meat]
 11501 | D:9      | Found Jucwetoch's Assorted Antiques.
 11525 | D:9      | Bought a potion of curing for 93 gold pieces
 11525 | D:9      | Bought a scroll of teleportation for 93 gold pieces
 11525 | D:9      | Bought a scroll labeled WACKER JEOSYNI for 31 gold pieces
 11525 | D:9      | Bought a scroll labeled WACKER JEOSYNI for 31 gold pieces
 11525 | D:9      | Bought a scroll labeled BYMPACHAISU for 31 gold pieces
 11886 | D:9      | Reached skill level 10 in Transmutations
 12211 | D:9      | Found an opulent altar of Gozag.
 12348 | D:10     | Entered Level 10 of the Dungeon
 12520 | D:10     | Found Salatao's Antique Armour Shop.
 12537 | D:10     | Bought a buckler for 126 gold pieces
 12961 | D:10     | Reached skill level 5 in Spellcasting
 13276 | D:10     | Found a staircase to the Orcish Mines.
 13361 | D:10     | Reached XP level 11. HP: 34/83 MP: 18/18
 13594 | D:10     | Reached skill level 11 in Transmutations
 13610 | D:10     | Gained mutation: You are dopey. (Int -2) [Ru sacrifice]
 13610 | D:10     | Reached ** piety under Ru
 14019 | D:11     | Noticed a hill giant
 14036 | D:11     | Killed a hill giant
 14090 | D:11     | Reached skill level 10 in Unarmed Combat
 14435 | D:11     | You fall through a shaft for 2 floors!
 14445 | D:13     | Noticed a brown ugly thing
 14455 | D:13     | Killed a brown ugly thing
 14698 | D:13     | Gained mutation: You passively map a small area around you. [potion of beneficial mutation]
 14812 | D:13     | Noticed a hill giant
 14825 | D:13     | Killed a hill giant
 14987 | D:11     | Noticed a hill giant
 14995 | D:11     | Killed a hill giant
 15331 | D:11     | Found a staircase to the Lair.
 15376 | D:11     | Reached skill level 12 in Transmutations
 15402 | D:11     | Noticed a six-headed hydra
 15411 | D:11     | Killed a six-headed hydra
 15594 | Lair:1   | Entered Level 1 of the Lair of Beasts
 15602 | Lair:1   | Reached skill level 5 in Shields
 15602 | Lair:1   | Reached XP level 12. HP: 36/91 MP: 15/20
 15619 | D:11     | HP: 4/91 [poisoned by a spiny frog]
 15626 | D:11     | HP: 3/91 [poisoned by a spiny frog]
 15633 | D:11     | HP: 3/91 [poisoned by a spiny frog]
 15641 | D:11     | HP: 3/91 [poisoned by a spiny frog]
 16016 | Lair:1   | Reached skill level 5 in Evocations
 16302 | Lair:1   | Learned a level 3 spell: Ozocubu's Armour
 16634 | Lair:1   | Gained mutation: You are partially covered in iridescent scales (AC +4). [potion of beneficial mutation]
 17685 | Lair:2   | Reached skill level 1 in Ice Magic
 17932 | Lair:2   | Noticed Sonja
 17947 | Lair:2   | Killed Sonja
 18526 | Lair:3   | Reached skill level 13 in Transmutations
 18774 | Lair:3   | Found a hole to the Spider Nest.
 19013 | Lair:3   | Noticed a six-headed hydra
 19019 | Lair:3   | HP: 2/110 [six-headed hydra (17)]
 19404 | Lair:3   | Noticed Nergalle
 19433 | Lair:3   | Killed Nergalle
 19976 | Lair:3   | Noticed a four-headed hydra
 19981 | Lair:3   | Reached XP level 13. HP: 70/98 MP: 18/22
 20333 | Lair:3   | Reached skill level 10 in Dodging
 20761 | Lair:4   | Found a labyrinth entrance.
 20780 | Lab      | Entered a labyrinth
 21888 | Lab      | Noticed a minotaur
 21903 | Lab      | Killed a minotaur
 21999 | Lab      | Identified the Incunabulum of Assistive Evil (You found it in a labyrinth)
 22049 | Lair:4   | Reached skill level 5 in Ice Magic
 22069 | Lair:4   | Noticed Rupert
 22103 | Lair:4   | Killed Rupert
 22535 | Lair:4   | Reached skill level 14 in Transmutations
 22956 | Lair:4   | Found a staircase to the Shoals.
 22985 | Lair:4   | Reached skill level 1 in Charms
 23965 | Lair:4   | Reached skill level 1 in Armour
 24085 | Lair:4   | Reached XP level 14. HP: 40/106 MP: 12/24
 25553 | Lair:6   | Gained mutation: You are partially covered in rough black scales (AC +4, Dex -1). [potion of beneficial mutation]
 26080 | Lair:6   | Gained mutation: You cannot train Armour skill. [Ru sacrifice]
 26080 | Lair:6   | Reached *** piety under Ru
 26418 | Lair:6   | Reached skill level 15 in Transmutations
 27014 | Lair:7   | Found a staircase to the Slime Pits.
 27014 | Lair:7   | Found a viscous altar of Jiyva.
 27897 | Lair:8   | Entered Level 8 of the Lair of Beasts
 27915 | Lair:8   | Reached XP level 15. HP: 108/115 MP: 22/26
 27930 | Lair:8   | Gained mutation: You are very weak. (Str -4) [Ru sacrifice]
 29424 | Lair:8   | Reached skill level 16 in Transmutations
 29434 | Lair:8   | Reached skill level 10 in Fighting
 30425 | D:12     | Reached skill level 5 in Charms
 31852 | D:13     | Reached XP level 16. HP: 118/122 MP: 23/28
 31961 | Orc:1    | Entered Level 1 of the Orcish Mines
 31987 | Orc:1    | Noticed Snorg
 32007 | Orc:1    | Killed Snorg
 32022 | Orc:1    | Noticed Zebura's ghost (journeyman HOAK)
 32348 | Orc:1    | Killed Zebura's ghost
 32466 | Orc:2    | Entered Level 2 of the Orcish Mines
 32556 | Orc:2    | Found Cywosaof's Food Boutique.
 32599 | Orc:2    | Found Feufo's Magic Scroll Shop.
 32782 | Orc:2    | Bought a scroll of teleportation for 30 gold pieces
 32782 | Orc:2    | Bought a scroll of identify for 20 gold pieces
 33293 | Orc:2    | Paralysed by an orc sorcerer for 3 turns
 33792 | Orc:2    | Found Jual's Antique Armour Shoppe.
 33792 | Orc:2    | Found Vyudd's Gadget Emporium.
 33793 | Orc:2    | Found a one-way gate leading to the halls of Pandemonium.
 33980 | Orc:2    | Found a staircase to the Elven Halls.
 34753 | Orc:2    | Bought a scroll of acquirement for 520 gold pieces
 34753 | Orc:2    | Bought a scroll of blinking for 75 gold pieces
 34755 | Orc:2    | Identified the Almanac of Venom and Shape Shifting (You acquired it on level 2 of the Orcish Mines)
 34764 | Orc:2    | Learned a level 7 spell: Dragon Form
 35329 | D:14     | Reached skill level 15 in Unarmed Combat
 35346 | D:14     | Found a gate to the Vaults.
 35447 | D:14     | Reached skill level 17 in Transmutations
 36154 | D:15     | Entered Level 15 of the Dungeon
 36277 | D:15     | Found a staircase to the Depths.
 36856 | D:15     | Found an oddly glowing altar of Pakellas.
 37541 | Elf:1    | Entered Level 1 of the Elven Halls
 38045 | Elf:1    | Reached XP level 17. HP: 71/131 MP: 22/30
 38445 | Elf:1    | Gained mutation: Your body sometimes deteriorates upon taking damage. [a neqoxec]
 38959 | Elf:1    | Identified Wuotigis's Collected Works on Black Rites
 39536 | Elf:2    | Found a radiant altar of Vehumet.
 39907 | Elf:2    | Found Lyraz's Weapon Shoppe.
 40032 | Elf:2    | Found a runed gate.
 40032 | Elf:2    | Found a runed gate.
 40068 | Elf:2    | Found a runed gate.
 40133 | Elf:3    | Entered Level 3 of the Elven Halls
 40167 | Elf:3    | Found Sosk's General Store.
 40195 | Elf:3    | Noticed Saint Roka
 40206 | Elf:3    | Killed Saint Roka
 40206 | Elf:3    | Reached skill level 18 in Transmutations
 40364 | Elf:3    | Bought a potion of curing for 33 gold pieces
 40364 | Elf:3    | Bought a potion of heal wounds for 55 gold pieces
 40364 | Elf:3    | Bought a potion of heal wounds for 55 gold pieces
 40364 | Elf:3    | Bought a scroll of identify for 22 gold pieces
 40364 | Elf:3    | Bought a scroll of identify for 22 gold pieces
 40532 | Elf:3    | Gained mutation: You passively map the area around you. [potion of beneficial mutation]
 41756 | Elf:3    | Reached XP level 18. HP: 139/139 MP: 31/31
 41816 | Elf:3    | Noticed a deep elf blademaster
 41862 | Elf:3    | Killed a deep elf blademaster
 41906 | Elf:3    | Noticed a deep elf blademaster
 41927 | Elf:3    | Killed a deep elf blademaster
 42305 | Elf:3    | Noticed a deep elf blademaster
 42327 | Elf:3    | Killed a deep elf blademaster
 42327 | Elf:3    | Reached skill level 10 in Shields
 42534 | Elf:3    | Noticed a deep elf master archer
 42808 | Elf:3    | Learned a level 2 spell: Blink
 42814 | Elf:3    | Got a smoking helmet
 42815 | Elf:3    | Identified the cursed +0 helmet of Rationality {Str+3 Stlth+} (You found it on level 3 of the Elven Halls)
 42837 | Elf:3    | Learned a level 3 spell: Regeneration
 42892 | Elf:3    | Reached skill level 19 in Transmutations
 42897 | Elf:3    | Reached skill level 10 in Evocations
 42956 | Elf:3    | Got an ichor-stained cloak
 42957 | Elf:3    | Identified the -5 cloak of the Farrier {rElec} (You found it on level 3 of the Elven Halls)
 43045 | Elf:3    | Got a vibrating amethyst amulet
 43047 | Elf:3    | Identified the amulet "Naymoem" {Faith +Blink rC+ SInv} (You found it on level 3 of the Elven Halls)
 43301 | Elf:3    | Got a crude marble ring
 43302 | Elf:3    | Identified the ring "Wotipn" {Str+2 Int+3} (You took it off a deep elf annihilator on level 3 of the Elven Halls)
 43328 | Elf:3    | Killed a deep elf master archer
 43714 | Shoals:1 | Entered Level 1 of the Shoals
 44669 | Shoals:2 | Found a frozen archway.
 44776 | IceCv    | Entered an ice cave
 45156 | IceCv    | Reached skill level 10 in Spellcasting
 45506 | Shoals:2 | Reached XP level 19. HP: 147/147 MP: 27/33
 46985 | Shoals:3 | Noticed Kirke
 47019 | Shoals:3 | Killed Kirke
 47620 | Shoals:4 | Entered Level 4 of the Shoals
 48034 | Shoals:4 | Got a barnacled rune of Zot
 48376 | Shoals:4 | Noticed Ilsuiw
 48397 | Shoals:4 | Killed Ilsuiw
 50094 | Shoals:4 | Reached skill level 20 in Transmutations
 50214 | Spider:1 | Entered Level 1 of the Spider Nest
 50766 | Spider:1 | Reached XP level 20. HP: 152/155 MP: 34/34
 50780 | Spider:1 | Noticed Aizul
 50791 | Spider:1 | Killed Aizul
 51622 | Spider:2 | Noticed Nikola
 51641 | Spider:2 | Killed Nikola
 51748 | Spider:2 | Reached skill level 15 in Dodging
 52214 | Spider:3 | Noticed Arachne
 52225 | Spider:3 | Killed Arachne
 52225 | Spider:3 | Reached skill level 10 in Charms
 52483 | Spider:3 | Noticed Norris
 52502 | Spider:3 | Killed Norris
 52978 | Spider:4 | Entered Level 4 of the Spider Nest
 54855 | Spider:4 | Got a gossamer rune of Zot
 55229 | Vaults:1 | Entered Level 1 of the Vaults
 55245 | Vaults:1 | Reached XP level 21. HP: 162/162 MP: 28/35
 55327 | Vaults:1 | Noticed a Tzitzimitl
 55355 | Vaults:1 | Gained mutation: You tend to lose your temper in combat. [a cacodemon]
 55726 | Vaults:1 | Found Pucituo's Gadget Emporium.
 55740 | Vaults:1 | Bought a box of beasts for 360 gold pieces
 55987 | Vaults:1 | Reached skill level 21 in Transmutations
 57151 | Vaults:2 | HP: 8/244 [deep troll[an ironheart preserver] (21)]
 57151 | Vaults:2 | Mangled by a deep troll

Skill      XL: |  1  2  3  4  5  6  7  8  9 10 11 12 13 14 15 16 17 18 19 20 21 |
---------------+----------------------------------------------------------------+-----
Transmutations | 3 4 5 6 7 9 10 12 13 14 15 16 17 18 19 20 21 | 21.2
Unarmed Combat | 4 5 6 7 8 9 10 11 12 13 14 15 16 17 18 | 18.7
Dodging        | 3 4 6 7 8 9 10 11 12 13 14 15 | 15.8
Stealth        | 1 2 3 0 |  0.0
Fighting       | 2 3 4 5 6 7 8 9 10 11 12 13 | 13.6
Spellcasting   | 3 4 5 6 7 8 9 10 11 | 11.0
Shields        | 1 3 5 6 7 8 9 10 11 12 13 | 13.4
Evocations     | 1 3 4 5 6 7 8 9 10 11 | 11.6
Ice Magic      | 3 5 |  5.2
Charms         | 1 3 5 6 8 9 10 | 10.5
Armour         | 1 0 |  0.0

Action                   |  1- 3 |  4- 6 |  7- 9 | 10-12 | 13-15 | 16-18 | 19-21 || total
-------------------------+-------+-------+-------+-------+-------+-------+-------++-------
Melee: Unarmed           |   150 |   200 |   393 |   724 |  1518 |  1556 |  1451 ||  5992
       Headbutt          |     5 |       |       |       |       |       |       ||     5
       Punch             |     1 |     5 |     2 |    23 |    47 |    43 |    64 ||   185
       Tailslap          |       |       |       |       |       |    59 |   138 ||   197
       Bite              |       |       |       |       |       |    45 |    86 ||   131
 Cast: Beastly Appendage |     5 |     1 |       |       |       |       |       ||     6
       Spider Form       |     1 |    14 |    30 |     3 |       |       |       ||    48
       Sticks to Snakes  |       |     4 |    20 |    14 |    54 |    78 |    24 ||   194
       Blade Hands       |       |       |     1 |    37 |    64 |    42 |       ||   144
       Ice Form          |       |       |     2 |    14 |    20 |     9 |       ||    45
       Ozocubu's Armour  |       |       |       |     1 |    30 |    21 |     3 ||    55
       Dragon Form       |       |       |       |       |       |    54 |    62 ||   116
       Regeneration      |       |       |       |       |       |    11 |    35 ||    46
Invok: Sacrifice Stealth |       |       |     1 |       |       |       |       ||     1
       Sacrifice Purity  |       |       |     1 |     1 |     1 |       |       ||     3
       Reject Sacrifices |       |       |       |     2 |     1 |     2 |     1 ||     6
       Sacrifice Durabil |       |       |       |       |     1 |       |       ||     1
       Draw Out Power    |       |       |       |       |       |       |     1 ||     1
 Abil: Breathe Fire      |       |       |       |       |       |     5 |    10 ||    15
       End Transformatio |       |       |       |       |       |     2 |     1 ||     3
Evoke: Wand              |     1 |       |       |       |       |     4 |     3 ||     8
       Deck              |       |       |       |       |     3 |       |       ||     3
  Use: Potion            |     2 |     1 |     1 |     2 |     1 |     8 |     2 ||    17
       Scroll            |       |       |    11 |     7 |    18 |    22 |     9 ||    67
 Stab: Sleeping          |     1 |     6 |     1 |       |       |       |       ||     8
       Distracted        |       |     1 |     1 |     1 |    12 |     3 |     4 ||    22
       Invisible         |       |       |       |     2 |     5 |     7 |    22 ||    36
       Paralysed         |       |       |       |       |       |       |     1 ||     1
  Eat: Chunk             |     3 |    15 |    25 |    38 |    42 |    60 |    57 ||   240
       Meat ration       |       |       |       |     2 |     5 |     5 |     2 ||    14
       Fruit             |       |       |       |       |     1 |     2 |       ||     3
       Royal jelly       |       |       |       |       |       |     1 |     1 ||     2
       Pizza             |       |       |       |       |       |       |     2 ||     2
       Beef jerky        |       |       |       |       |       |       |     3 ||     3
Armor: Robe              |    20 |    32 |    13 |    94 |   287 |   178 |    68 ||   692
       Skin              |       |     2 |    15 |    20 |    97 |   258 |   579 ||   971
Dodge: Dodged            |   105 |   159 |   342 |   542 |  1086 |   844 |   792 ||  3870
Block: Buckler           |       |       |       |    28 |    83 |    55 |    21 ||   187
       Shield            |       |       |       |       |       |       |   124 ||   124
